 Dungeon Crawl Stone Soup version 0.30-a0-373-gd37427bb62 (webtiles) character file.

Game seed: 12986353828298799787

21080 KennySheep the Transmogrifier (level 12, -6/97 HPs)
             Began as a Demigod Conjurer on Nov 24, 2022.
             Killed from afar by a swamp worm (16 damage)
             ... with a harpoon shot
             ... on level 1 of the Lair of Beasts.
             The game lasted 00:52:25 (15154 turns).

KennySheep the Transmogrifier (Demigod Conjurer)   Turns: 15154, Time: 00:52:25

Health: -6/97      AC:  7    Str: 18    XL:     12   Next: 21%
Magic:  22/28      EV:  7    Int: 34    God:
Gold:   437        SH:  0    Dex: 12    Spells: 0/26 levels left

rFire   . . .      SeeInvis .      - Unarmed
rCold   . . .      Faith    .    (no shield)
rNeg    . . .      Spirit   .    V - +0 robe "Oquokk" {Int+2 Slay+2}
rPois   .          Reflect  .    f - +0 helmet
rElec   .          Harm     .    n - +0 cloak
rCorr   .          Rampage  .    i - +1 pair of gloves
Will    +....                    s - +0 pair of boots
Stlth   ++........               J - amulet of magic regeneration
HPRegen 0.36/turn                v - +6 ring of strength
MPRegen 0.61/turn                (no ring)

@: lethally poisoned (-6 -> -25), held
A: high MP 1, forlorn, divine attributes
a: no special abilities


You were on level 1 of the Lair of Beasts.
You visited 2 branches of the dungeon, and saw 13 of its levels.
You visited the Abyss 1 time.
You also visited: Ossuary.

You collected 827 gold pieces.
You spent 390 gold pieces at shops.

Inventory:

Hand Weapons
 h - a +0 dagger
Armour
 f - a +0 helmet (worn)
 i - a +1 pair of gloves (worn)
 n - a +0 cloak (worn)
 s - a +0 pair of boots (worn)
 V - the +0 robe "Oquokk" (worn) {Int+2 Slay+2}
   (You found it on level 1 of the Lair of Beasts)

   Int:       It affects your intelligence (+2).
   Slay:      It affects your accuracy & damage with ranged weapons and melee
   (+2).
Magical Staves
 H - a staff of air
Jewellery
 r - a ring of positive energy
 v - a +6 ring of strength (left hand)
 G - an amulet of regeneration
 J - an amulet of magic regeneration (around neck)
Wands
 m - a wand of mindburst (14)
 q - a wand of flame (59)
 F - a wand of acid (6)
 O - a wand of charming (9)
Scrolls
 c - a scroll of immolation
 e - 3 scrolls of vulnerability
 g - a scroll of torment
 j - a scroll of butterflies
 l - 4 scrolls of blinking
 o - a scroll of amnesia
 t - 2 scrolls of fear
 w - 2 scrolls of enchant armour
 x - 2 scrolls of noise
 y - 10 scrolls of teleportation
 D - a scroll of magic mapping
 E - a scroll of brand weapon
 M - a scroll of silence
 Q - 6 scrolls of identify
 R - a scroll of poison
Potions
 b - a potion of mutation
 d - 2 potions of degeneration
 k - 2 potions of magic
 p - 5 potions of heal wounds
 u - a potion of berserk rage
 z - a potion of resistance {unknown}
 A - a potion of haste
 C - a potion of brilliance
 I - a potion of ambrosia
 K - 2 potions of curing
 L - a potion of lignification
 N - 2 potions of flight
 S - a potion of cancellation {unknown}
 U - a potion of might


   Skills:
 - Level 6.6 Fighting
 - Level 3.6 Dodging
 - Level 1.7 Stealth
 - Level 4.9 Unarmed Combat
 - Level 7.8 Spellcasting
 - Level 8.0 Conjurations
 - Level 6.9 Translocations
 * Level 11.3 Transmutations


You couldn't memorise any spells.
You knew the following spells:

 Your Spells              Type           Power      Damage    Failure   Level
a - Magic Dart            Conj           100%       1d8       1%          1
b - Searing Ray           Conj           100%       2d8       1%          2
c - Iskenderun's Mystic   Conj/Tloc      59%        2d12      1%          4
d - Passwall              Tmut/Erth      42%        N/A       1%          2
e - Manifold Assault      Tloc           57%        N/A       1%          4
f - Dispersal             Tloc           28%        N/A       28%         6
z - Dragon Form           Tmut           37%        N/A       26%         7

Your spell library contained the following spells:

 Spells                   Type           Power      Damage    Failure   Level
 Dazzling Flash           Conj/Hex       80%        N/A       1%          3
 Stone Arrow              Conj/Erth      80%        3d12      1%          3
 Sandblast                Erth           26%        2d8       3%          1
 Scorch                   Fire           26%        2d6       4%          2
 Flame Wave               Conj/Fire      40%        2d11      6%          4
 Fulminant Prism          Conj/Hex       20%        3d12      6%          4
 Animate Armour           Summ/Erth      26%        N/A       32%         4
 Cause Fear               Hex            6%         N/A       32%         4
 Summon Cactus Giant      Summ           6%         N/A       99%         6
 Disjunction              Tloc           28%        N/A       100%        8
 Lehudib's Crystal Spear  Conj/Erth      20%        10d6      100%        8
 Dragon's Call            Summ           6%         N/A       100%        9


Dungeon Overview and Level Annotations

Branches:
Dungeon (12/15)            Temple (0/1) D:7            Lair (1/5) D:11
Ossuary (visited)
    Orc: D:9-12

Shops:
D:5 *   D:9 [?**(

Annotations:
D:2 Terence
D:9 3 transporters, Amaemon
D:12 Azrael
Lair:1 1 transporter, Gastronok


Innate Abilities, Weirdness & Mutations

You have an increased reservoir of magic. (+10% MP)
You shall have no god before yourself.
Your divine heritage dramatically boosts your attributes as you level up.


Message History

The swamp worm fires a harpoon shot at you.
The harpoon shot hits you!
You are yanked forward by the harpoon shot.
You violently stop moving!
Casting: Iskenderun's Mystic Blast (mildly dangerous; 1% risk of failure)
Confirm with . or Enter, or press ? or * to list all spells.
Okay, then.
Casting: Iskenderun's Mystic Blast (mildly dangerous; 1% risk of failure)
Confirm with . or Enter, or press ? or * to list all spells.
You erupt in a blast of force!
The mystic blast hits the briar patch!
The briar patch is heavily damaged.
The mystic blast hits the briar patch!
The briar patch is almost destroyed.
Casting: Iskenderun's Mystic Blast (mildly dangerous; 1% risk of failure)
Confirm with . or Enter, or press ? or * to list all spells.
You erupt in a blast of force!
The mystic blast hits the briar patch but does no damage.
The briar patch is heavily damaged.
The mystic blast hits the briar patch!
You destroy the briar patch!
You are engulfed in dark miasma.
You are poisoned.
You feel extremely sick.
The swamp worm fires a harpoon shot at you.
The harpoon shot misses you.
Casting: Iskenderun's Mystic Blast (mildly dangerous; 1% risk of failure)
Confirm with . or Enter, or press ? or * to list all spells.
Okay, then.
You feel very sick.
The swamp worm fires a harpoon shot at you.
The harpoon shot hits you.
* * * LOW HITPOINT WARNING * * *
You are yanked forward by the harpoon shot.
You collide with the briar patch!
The briar patch is destroyed!
* * * LOW HITPOINT WARNING * * *
You become entangled in the net!
The swamp worm fires a harpoon shot at you.
The harpoon shot hits you!
You die...

...#####..........÷...........#
....#P###...........#.##.##...#
..................(..........[#
..............................#
......##...#########..........#
.....#..#..#♣#§#♣#w#..........#
.....#..#.##§§§#≈≈≈####.......#
........#.#..§§°..P#!"#.......#
##...#..#©#©^^^^@^☼+$©#©...##.#
#...#..#.#.....§.P#)[#..####.#
#......#.##≈≈≈≈#≈≈####..# #.#
#P...#.....##†#♣#w##.....## .#
##...#.....#########......# #
#...####......F.......†.## .#
#...............#..####..# #.#
##. ......###.##### ##..###..#
......# ### #........##


You could see 2 swamp worms.

Vanquished Creatures
  A centaur warrior (D:11)
  2 two-headed ogres
  Erica (Lair:1)
  Urug (Lair:1)
  A thrashing horror (Abyss:1)
  A cyclops (D:11)
  Joseph (D:9)
  The ghost of pokeman the Thaumaturge, a novice DEHW (D:6)
  A smoke demon (Abyss:1)
  Maggie (D:9)
  An orange demon (D:9)
  A gargoyle (D:11)
  A cane toad (Lair:1)
  A rime drake (D:11)
  Psyche (D:9)
  2 unseen horror zombies (D:6)
  A kobold demonologist (D:10)
  An unseen horror (D:11)
  A komodo dragon (Lair:1)
  An ice devil (Abyss:1)
  Grinder (D:5)
  4 trolls
  A polar bear (D:11)
  A hornet (D:7)
  A vampire (D:9)
  A shadow (D:10)
  24 yaks
  Eustachio (D:5)
  A wyvern (D:11)
  A golden eye (Abyss:1)
  A chaos spawn (Abyss:1)
  A steam dragon (D:8)
  4 vampire mosquitoes (D:11)
  2 swamp worms (Lair:1)
  An acid dragon (D:11)
  2 water moccasins
  4 orc warriors
  A black bear (D:5)
  3 sky beasts
  2 small abominations (Abyss:1)
  5 ice beasts
  2 ogres
  4 wolves (Lair:1)
  9 centaurs
  2 phantoms
  A kobold brigand (D:8)
  9 bullfrogs
  2 necrophages
  A gnoll sergeant (D:10)
  Blork the orc (D:4)
  24 wights
  5 killer bees (D:8)
  A spectral centaur (D:6)
  5 centaur zombies (Ossuary)
  2 howler monkeys
  4 hounds
  2 jellies
  A gnoll bouda (D:7)
  3 orc priests
  3 iguanas
  Ijyb (D:5)
  5 orc wizards
  6 mummies (Ossuary)
  9 gnolls
  3 adders
  A howler monkey skeleton (D:6)
  A shadow imp (D:7)
  3 ufetubi
  2 worms
  2 dart slugs (D:1)
  43 orcs
  7 ball pythons
  10 endoplasms
  2 giant cockroaches (D:1)
  6 hobgoblins
  5 jackals (D:3)
  5 quokkas
  4 bats
  2 frilled lizards (D:1)
  15 goblins
  A hobgoblin zombie (Ossuary)
  5 kobolds
  6 rats
  11 briar patches (Lair:1)
320 creatures vanquished.

Vanquished Creatures (others)
  A briar patch (Lair:1)
  A fungus (Lair:1)
  A plant (Lair:1)
  2 starspawn tentacles (Abyss:1)
5 creatures vanquished.

Grand Total: 325 creatures vanquished

Notes
Turn   | Place    | Note
-------+----------+-------------------------------------------
     0 | D:1      | KennySheep the Demigod Conjurer began the quest for the
                  | Orb.
     0 | D:1      | Reached XP level 1. HP: 14/14 MP: 5/5
   328 | D:1      | Reached XP level 2. HP: 20/20 MP: 4/7
   331 | D:1      | Learned a level 2 spell: Searing Ray
   396 | D:1      | Reached skill level 1 in Translocations
  1025 | D:2      | Reached XP level 3. HP: 26/26 MP: 5/8
  1234 | D:2      | Noticed Terence
  1902 | D:3      | Reached XP level 4. HP: 33/33 MP: 1/10
  2479 | D:4      | Reached XP level 5. HP: 28/38 MP: 4/11
  2523 | D:4      | Learned a level 4 spell: Iskenderun's Mystic Blast
  2709 | D:4      | Noticed Blork the orc
  2718 | D:4      | Killed Blork the orc
  2719 | D:4      | Reached skill level 5 in Conjurations
  2812 | D:4      | Noticed a centaur
  2826 | D:4      | Killed a centaur
  2827 | D:4      | Reached XP level 6. HP: 36/45 MP: 7/13
  3658 | D:5      | Entered Level 5 of the Dungeon
  3666 | D:5      | Reached XP level 7. HP: 47/50 MP: 4/15
  3887 | D:5      | Noticed Eustachio
  4664 | D:5      | Found Gozag's Platinum Reserve.
  4797 | D:5      | Noticed Ijyb
  4806 | D:5      | Killed Ijyb
  5144 | D:5      | Noticed Grinder
  5146 | D:5      | Paralysed by Grinder for 2 turns
  5155 | D:5      | Paralysed by Grinder for 2 turns
  5159 | D:5      | Paralysed by Grinder for 2 turns
  5165 | D:5      | Killed Grinder
  5166 | D:5      | Reached skill level 5 in Translocations
  5273 | D:5      | Killed Eustachio
  5685 | D:6      | Reached XP level 8. HP: 57/57 MP: 14/17
  5740 | D:6      | Found a sand-covered staircase.
  5793 | Ossuary  | Entered an ossuary
  5807 | Ossuary  | Reached skill level 1 in Fighting
  6785 | D:6      | Reached skill level 5 in Spellcasting
  7537 | D:6      | Noticed a two-headed ogre
  7559 | D:6      | Killed a two-headed ogre
  7560 | D:6      | Reached XP level 9. HP: 69/69 MP: 0/21
  7763 | D:6      | Found a runed translucent gate.
  7763 | D:6      | Found a runed translucent gate.
  7764 | D:6      | Found a runed translucent gate.
  7766 | D:6      | Noticed pokeman's ghost (novice DEHW)
  8926 | D:7      | Found a staircase to the Ecumenical Temple.
  9035 | D:8      | Learned a level 9 spell: Dragon's Call
  9061 | D:8      | Noticed a cyclops
  9062 | D:8      | Noticed a gargoyle
  9075 | D:8      | Reached skill level 1 in Transmutations
  9227 | D:8      | Noticed a tengu warrior
  9227 | D:8      | Noticed a two-headed ogre
  9230 | D:8      | Noticed a six-headed hydra
  9249 | D:8      | Reached skill level 1 in Unarmed Combat
  9363 | D:8      | Noticed a kobold demonologist
  9580 | D:8      | Reached skill level 2 in Transmutations
  9581 | D:8      | Reached XP level 10. HP: 70/80 MP: 15/24
  9997 | D:6      | Reached skill level 3 in Transmutations
  9998 | D:6      | Killed pokeman's ghost
 10204 | D:9      | Found Gushir's General Store.
 10212 | D:9      | Bought a scroll of teleportation for 39 gold pieces
 10236 | D:9      | Noticed Joseph
 10329 | D:9      | Found Dateisy's General Store.
 10334 | D:9      | Bought a potion of flight for 36 gold pieces
 10361 | D:9      | Reached skill level 5 in Fighting
 10373 | D:9      | Found a transporter.
 10377 | D:9      | Found a transporter.
 10379 | D:9      | Found a transporter.
 10383 | D:9      | Found a transporter.
 10384 | D:9      | Found Wyozeny's Weapon Boutique.
 10478 | D:9      | Noticed Psyche
 10478 | D:9      | Noticed Amaemon
 10513 | D:9      | Reached skill level 4 in Transmutations
 10600 | Abyss:1  | Cast into level 1 of the Abyss (Psyche)
 10620 | Abyss:1  | Noticed a wretched star
 10654 | Abyss:1  | Noticed a wretched star
 10660 | Abyss:1  | Noticed a tentacled starspawn
 10766 | Abyss:1  | Noticed a bone dragon
 10768 | Abyss:1  | Noticed a thrashing horror
 10768 | Abyss:1  | Noticed a wretched star
 10782 | Abyss:1  | Killed a thrashing horror
 10830 | Abyss:1  | Noticed a smoke demon
 10841 | Abyss:1  | Killed a smoke demon
 10842 | Abyss:1  | Reached skill level 5 in Transmutations
 10903 | D:9      | Escaped the Abyss
 10907 | D:9      | Killed Psyche
 11029 | D:9      | Learned a level 7 spell: Dragon Form
 11187 | D:9      | Noticed Maggie
 11218 | D:9      | Killed Maggie
 11219 | D:9      | Reached XP level 11. HP: 69/89 MP: 18/27
 11291 | D:9      | Found Kiattaepta's Magic Scroll Boutique.
 11299 | D:9      | Bought a scroll of blinking for 75 gold pieces
 11299 | D:9      | Bought 3 scrolls of teleportation for 90 gold pieces
 11299 | D:9      | Bought 3 scrolls of identify for 60 gold pieces
 11299 | D:9      | Bought a scroll of poison for 40 gold pieces
 11299 | D:9      | Bought a scroll of teleportation for 30 gold pieces
 11302 | D:9      | Bought a scroll of identify for 20 gold pieces
 11315 | D:9      | Found Sagid's Antique Armour Emporium.
 11536 | D:9      | Killed Joseph
 11645 | D:10     | Entered Level 10 of the Dungeon
 11777 | D:10     | Reached skill level 6 in Transmutations
 12186 | D:10     | Learned a level 4 spell: Manifold Assault
 12193 | D:10     | Learned a level 6 spell: Dispersal
 12452 | D:10     | Identified the +6 dagger of Fiessaicwi {vorpal, Int+4}
 13039 | D:10     | Noticed an angel
 13129 | D:11     | Reached skill level 7 in Transmutations
 13361 | D:11     | Found a staircase to the Lair.
 13442 | D:11     | Noticed a two-headed ogre
 13499 | D:11     | Killed a two-headed ogre
 13789 | D:11     | Reached skill level 8 in Transmutations
 13962 | D:11     | Reached skill level 9 in Transmutations
 13993 | D:11     | Noticed a centaur warrior
 14001 | D:11     | Killed a centaur warrior
 14422 | D:12     | Noticed Azrael
 14437 | Lair:1   | Entered Level 1 of the Lair of Beasts
 14456 | Lair:1   | Noticed Urug
 14466 | Lair:1   | Killed Urug
 14467 | Lair:1   | Reached skill level 10 in Transmutations
 14525 | Lair:1   | Reached XP level 12. HP: 97/97 MP: 16/28
 14528 | Lair:1   | Noticed Erica
 14540 | Lair:1   | Killed Erica
 14626 | Lair:1   | Identified the +0 robe "Oquokk" {Int+2 Slay+2}
 14719 | Lair:1   | Found a transporter.
 14757 | Lair:1   | Noticed Gastronok
 14803 | Lair:1   | Reached skill level 11 in Transmutations
 15051 | Lair:1   | Learned a level 2 spell: Passwall
 15071 | Lair:1   | Found a transporter.
 15154 | Lair:1   | Killed from afar by a swamp worm

Illustrated notes

Levels and vault maps discovered:
D:1:      onia_arrival_mini_spirals, layout_basic, hangedman_feature_mirror,
          minmay_pentomino_r2
D:2:      layout_loops_ring, uniq_terence
D:3:      layout_rooms, nicolae_ru_path_of_blood
D:4:      layout_loops_ring, old_standard_altar, st_stairs_13,
          minmay_goblin_kobold_house, uniq_blork_the_orc
D:5:      layout_cave_pods, nicolae_dithmenos_through_a_glass_darkly,
          nicolae_gozag_zags_fifth_avenue, grunt_decor_junction, uniq_grinder,
          uniq_ijyb, uniq_eustachio
D:6:      layout_basic, nicolae_ossuary_entry_false_entrances,
          gammafunk_ghost_necromancy, grunt_ministairs_11
D:7:      layout_rooms, minmay_temple_entry_sparse_star,
          dreamdust_gnoll_shepherd
D:8:      layout_basic, minivault_12
D:9:      layout_irregular_city, serial_shops, nicolae_shop_hallway_stairs,
          nicolae_shop_temple_entry_statues_fountains,
          nicolae_shop_hallway_stairs, shop, nicolae_shop_trees,
          nicolae_transporter_circle, uniq_joseph, uniq_amaemon, uniq_psyche,
          uniq_maggie
D:10:     layout_stronghold, grunt_temple_overflow_holy_war,
          nicolae_overflow_crystal_walls, abandoned_shop
D:11:     layout_basic, hellmonk_lair_entry_icy, dk_noncrumbling_2
D:12:     layout_roguey, david_orc_3, maelrawn_ghost_gauntlet_escape,
          uniq_azrael, uniq_erolcha
Lair:1:   gammafunk_worm_tunnel, layout_chaotic_city, serial_bayou_shore_b,
          grunt_megastairs_5, uniq_gastronok, uniq_urug, uniq_erica

Skill      XL: |  1  2  3  4  5  6  7  8  9 10 11 12 |
---------------+-------------------------------------+-----
Translocations | 1 2 3 4 5 6 |  6.9
Spellcasting   | 2 3 4 5 7 |  7.8
Conjurations   | 4 5 6 7 8 |  8.0
Fighting       | 3 4 5 6 |  6.6
Transmutations | 2 5 10 11 | 11.3
Unarmed Combat | 1 3 4 |  4.9
Dodging        | 2 3 |  3.6
Stealth        | |  1.7

Action                   |  1- 3 |  4- 6 |  7- 9 | 10-12 || total
-------------------------+-------+-------+-------+-------++-------
Melee: Dagger            |       |     2 |    25 |     6 ||    33
       Punch             |       |       |     1 |     4 ||     5
       Unarmed           |       |       |       |    60 ||    60
 Cast: Magic Dart        |   101 |    53 |    66 |     4 ||   224
       Searing Ray       |     3 |    14 |    14 |     1 ||    32
       Iskenderun's Myst |       |       |    80 |   201 ||   281
Evoke: Wand              |       |       |       |     2 ||     2
  Use: Potion            |     4 |       |     5 |     4 ||    13
       Scroll            |     3 |       |    11 |     8 ||    22
Armor: Robe              |     7 |    13 |    28 |    60 ||   108
       Troll leather arm |       |       |       |    43 ||    43
Dodge: Dodged            |     7 |    24 |    48 |   161 ||   240

Table legend: (Time is in decaauts)
 A = Elapsed time spent in this place.
 B = Non-inter-level travel time spent in this place.
 C = Inter-level travel time spent in this place.
 D = Time resting spent in this place.
 E = Time spent auto-exploring this place.
 F = Levels seen in this place.
 G = Mean time per level.
                   A        B        C        D        E       F      G
               +--------+--------+--------+--------+--------+-----+--------+
         Total |  15124 |  14305 |    819 |   2559 |   8929 |  15 | 1008.3 |
       Dungeon |  13670 |  12851 |    819 |   2148 |   8555 |  12 | 1139.2 |
          Lair |    715 |    715 |      0 |    165 |    282 |   1 |  715.0 |
         Abyss |    295 |    295 |      0 |      0 |      0 |   1 |  295.0 |
       Ossuary |    442 |    442 |      0 |    246 |     92 |   1 |  442.0 |
               +--------+--------+--------+--------+--------+-----+--------+

Top non-repeatable levels by time:
     D:6: 2351 daAuts
    D:10: 1404 daAuts
    D:11: 1362 daAuts
     D:4: 1219 daAuts
     D:2: 1144 daAuts
     D:9: 1138 daAuts
     D:5: 1137 daAuts
     D:1: 1068 daAuts
     D:3: 960 daAuts
     D:8: 943 daAuts
     D:7: 939 daAuts
  Lair:1: 715 daAuts
 Ossuary: 442 daAuts
 Abyss:1: 295 daAuts
    D:12: 1 daAuts
